 Dungeon Crawl Stone Soup version 0.29.0-4-gdea44cf6ec (webtiles) character file.

Game seed: 2794420924805101186

144509 qw the Warrior (level 16, -2/156 (160) HPs)
             Began as a Minotaur Berserker on Sept 4, 2022.
             Was an Elder of Trog.
             Slain by a tarantella (4 damage)
             ... on level 2 of the Spider Nest.
             The game lasted 00:11:15 (31014 turns).

qw the Warrior (Minotaur Berserker)                Turns: 31014, Time: 00:11:15

HP:   -2/156 (160)  AC: 21    Str: 28    XL:     16   Next: 85%
MP:   13/13         EV: 11    Int:  7    God:    Trog [****..]
Gold: 1008          SH:  0    Dex: 15    Spells: 15/15 levels left

rFire   + . .      SeeInvis +   u - +6 war axe (vamp)
rCold   . . .      Faith    .   x - +2 kite shield
rNeg    . . .      Spirit   .   A - +7 chain mail of the Shouting Mice {*Slow Regen+ Int+3 Dex+3}
rPois   .          Reflect  +   b - +2 hat {Will+}
rElec   .          Harm     .   B - +0 cloak
rCorr   .          Rampage  .   q - +0 pair of gloves
Will    ++...                   a - +2 pair of boots of Pejig {rF+ Stlth+}
Stlth   ..........              d - amulet of reflection
HPRegen 1.16/turn               p - +4 ring of evasion
MPRegen 0.13/turn               z - ring of see invisible

@: lethally poisoned (-2 -> -11), about to teleport, corroded, on berserk
cooldown, held, slowed, lightly drained, very slow
A: horns 2, retaliatory headbutt, low MP 1, subdued magic 1
a: Renounce Religion, Berserk, Trog's Hand, Brothers in Arms


You were on level 2 of the Spider Nest.
You worshipped Trog.
Trog was greatly pleased with you.
You visited 4 branches of the dungeon, and saw 24 of its levels.

You collected 2997 gold pieces.
You spent 1989 gold pieces at shops.


Innate Abilities, Weirdness & Mutations

You have a pair of horns on your head.
You reflexively headbutt those who attack you in melee.
Your magical capacity is low. (-10% MP)
Your spells are a little easier to cast, but a little less powerful.


   Skills:
 - Level 19.0 Fighting
 - Level 18.0 Axes
 - Level 9.0 Throwing
 - Level 15.0 Armour
 - Level 10.0 Dodging
 + Level 16.7 Shields


You had 15 spell levels left.
You didn't know any spells.
Your spell library was empty.

Inventory:

Hand Weapons
 u - a +6 vampiric war axe (weapon)
 D - a +0 morningstar of protection
Missiles
 f - 4 javelins (quivered)
 j - 16 boomerangs
Armour
 a - the +2 pair of boots of Pejig (worn) {rF+ Stlth+}
   (You acquired it on level 1 of the Dungeon)

   rF:        It protects you from fire.
   Stlth:     It makes you more stealthy.
 b - a +2 hat of willpower (worn)
 i - a +2 plate armour of cold resistance
 q - a +0 pair of gloves (worn)
 w - a +0 pair of boots of flying
 x - a +2 kite shield (worn)
 A - the +7 chain mail of the Shouting Mice (worn) {*Slow Regen+ Int+3 Dex+3}
   (You found it on level 15 of the Dungeon)

   Int:       It affects your intelligence (+3).
   Dex:       It affects your dexterity (+3).
   Regen:     It increases your rate of health regeneration.
   *Slow:     It may slow you when you take damage.
 B - a +0 cloak (worn)
 C - a +2 plate armour of fire resistance
Jewellery
 d - an amulet of reflection (around neck)
 l - a ring of protection from fire
 m - a ring of protection from fire
 p - a +4 ring of evasion (left hand)
 y - a +4 ring of protection
 z - a ring of see invisible (right hand)
Wands
 g - a wand of digging (18)
Scrolls
 n - 16 scrolls of identify
 s - a scroll of torment {unknown}
 t - 4 scrolls of teleportation
Potions
 c - 7 potions of haste
 e - 4 potions of mutation
 h - 4 potions of heal wounds
 k - 5 potions of curing
 o - 2 potions of resistance
 r - 6 potions of might

Dungeon Overview and Level Annotations

Branches:
Dungeon (15/15)            Temple (0/1) D:7            Lair (5/5) D:11
 Shoals (0/4) Lair:2       Spider (2/4) Lair:3        Slime (0/5) Lair:5
    Orc (2/2) D:10            Elf (0/3) Orc:2        Vaults (0/5) D:14
 Depths (0/4) D:15

Altars:
Cheibriados
Dithmenos
Gozag
Hepliaklqana
Kikubaaqudgha
Makhleb
Okawaru
Ru
Trog
Uskayaw
Vehumet
Yredelemnul
Zin
The Shining One

Shops:
D:2 [   D:7 [   D:10 [   Orc:1 [**   Orc:2 [=(*

Portals:
Hell: Lair:5

Annotations:
D:6 2 transporters, qw's ghost, novice MiFi
Spider:2 Arachne; Frances


Message History

You furiously retaliate!
You headbutt the redback, but do no damage.
Your troll closely misses the jumping spider.
Your troll barely misses the jumping spider.
Your troll claws the jumping spider but does no damage.
You block the tarantella's attack.
Frances chants phrases taken from a devil's mouth.
Send 'em back where they came from!
Trog shields your ally from puny magic! The tarantella completely misses you.
You furiously retaliate!
You headbutt the tarantella!
Arachne points her staff at you, shooting a stream of webbing.
The stream of webbing reflects off an invisible shield around you!
The stream of webbing hits Arachne but does no damage.
You block the radroach's attack.
The radroach claws you but does no damage.
The jumping spider pounces on you.
You are caught in a web!
The jumping spider bites you but does no damage.
The redback bites you.
The redback bites you but does no damage.
The tarantella misses you.
Your troll bites the jumping spider!!
Your troll closely misses the jumping spider.
Your troll barely misses the jumping spider.
Frances barely misses you. The tarantella barely misses you.
31014 ||| READING 5 scrolls of teleportation.
As you read the scroll of teleportation, it crumbles to dust.
You feel strangely unstable.
You feel extremely sick. Arachne casts a spell at you.
The poison arrow misses you. The jumping spider pounces on you!
You are even more entangled.
The jumping spider closely misses you.
The redback bites you but does no damage.
Your troll bites the jumping spider!
The jumping spider dies!
Trog accepts your kill.
The redback bites you but does no damage.
The tarantella touches you!
Frances mutters in a terrible tongue.
The tarantella touches you.
You die...

...###.....### ....
..#####......###../
#..#[.#####..# ...###
##...##.#....## ^.#.##
.##.%%..#.^>..###....
%...#...###..##.#..##
#..###....##..##.%..#
...#...#..%##>.sHs###
..%#...#^...##.B@sT%#
#..#.######..%.s#s@##
######.#.^..%.#.#s..3.
#.......%#.####>4.##
##...##..### .#... ###
#.?..# .#..## ##..##
##..^. .... .. ..#..#


You could see Arachne, Frances (fast), a radroach, a sun demon (summoned), a
chaos spawn (summoned), 2 jumping spiders, 2 tarantellas, 2 redbacks and a
friendly troll (summoned, berserk).

Vanquished Creatures
  Gastronok (Lair:1)
  An emperor scorpion (Spider:2)
  An orc warlord (Orc:1)
  2 broodmothers
  Azrael (D:12)
  An entropy weaver (Spider:2)
  Josephine (D:15)
  8 boulder beetles
  13 hydras
  Harold (D:10)
  A vault guard (D:14)
  2 ogre magi
  11 centaur warriors
  3 catoblepae
  12 two-headed ogres
  A radroach (Spider:1)
  2 tengu warriors
  A death yak (Lair:5)
  2 pharaoh ants (Spider:1)
  3 skeletal warriors (D:15)
  A sun demon (Lair:5)
  3 steelbarb worms
  A wizard (Lair:5)
  A lindwurm (Lair:5)
  6 deep elf pyromancers
  Pikel (D:4)
  2 necromancers
  6 orc knights
  8 cyclopes
  5 orc sorcerers
  6 wolf spiders
  17 ugly things
  5 manticores
  A moth of wrath (shapeshifter) (D:13)
  2 moths of wrath
  15 elephants
  2 naga magi (D:15)
  A centaur zombie (D:15)
  3 torpor snails (Spider:1)
  2 gargoyles
  An orange demon (Lair:5)
  13 cane toads
  A centaur skeleton (D:15)
  2 unseen horrors
  11 rime drakes
  2 tengu conjurers
  A kobold demonologist (D:11)
  A freezing wraith (D:14)
  4 komodo dragons
  A komodo dragon (shapeshifter) (D:13)
  A yaktaur (D:15)
  4 ice devils (Lair:5)
  5 demonic crawlers
  A troll (shapeshifter) (D:15)
  A meliai (D:13)
  A hellwing (Lair:5)
  A queen bee (shapeshifter) (D:14)
  14 trolls
  2 polar bears
  4 hornets
  8 tarantellas
  4 slime creatures
  23 blink frogs
  17 dream sheep (Lair:5)
  A snapping turtle (Lair:2)
  3 centaur simulacra
  20 jumping spiders
  4 shadows
  12 culicivoras
  Sigmund (D:3)
  7 wyverns (Lair:5)
  7 wraiths
  A basilisk (shapeshifter) (D:14)
  A fire elemental (D:12)
  57 yaks
  6 basilisks
  34 redbacks
  An acid dragon (D:11)
  6 vampire mosquitoes
  A warg (Orc:1)
  A floating eye (D:14)
  9 hell hounds
  15 water moccasins
  29 orc warriors
  2 black bears
  5 ice beasts
  3 boggarts (D:13)
  9 wolves
  9 ogres
  15 centaurs
  2 lemures (D:4)
  2 kobold brigands
  9 bullfrogs
  2 gnoll sergeants
  3 necrophages
  2 scorpions
  9 wights
  4 jellies
  7 killer bees
  2 electric eels
  7 howler monkeys
  2 gnoll boudas
  10 orc priests
  3 hounds (D:5)
  7 iguanas
  Ijyb (D:5)
  12 orc wizards
  3 hell rats (Lair:5)
  A boggart simulacrum (D:15)
  21 gnolls
  11 adders
  3 worms (D:2)
  3 dart slugs
  66 orcs
  11 ball pythons
  9 endoplasms
  3 giant cockroaches
  11 goblins
  11 hobgoblins
  2 jackals (D:2)
  6 quokkas
  4 bats
  2 frilled lizards
  15 kobolds
  10 rats
814 creatures vanquished.

Vanquished Creatures (collateral kills)
  A jorogumo (Spider:2)
  2 hydras
  A pharaoh ant (Spider:1)
  2 orb spiders
  A troll (D:13)
  3 tarantellas
  5 jumping spiders
  A culicivora (Spider:2)
  7 redbacks
  An orc priest (D:11)
24 creatures vanquished.

Vanquished Creatures (others)
  Nessos (D:14)
  An orc wizard (D:8)
  32 fungi
  144 plants
178 creatures vanquished.

Grand Total: 1016 creatures vanquished

Notes
Turn   | Place    | Note
-------+----------+-------------------------------------------
     0 | D:1      | qw the Minotaur Berserker began the quest for the Orb.
     0 | D:1      | Reached XP level 1. HP: 19/19 MP: 0/0
     0 | D:1      | 0 ||| qw: Version: 0.1-a-103-gd6f5d3a
     0 | D:1      | 0 ||| qw: Game counter: 5628
     0 | D:1      | 0 ||| qw: Always use a shield: true
     0 | D:1      | 0 ||| qw: Do Orc after D:15 true
     0 | D:1      | 0 ||| qw: Do second Lair branch before Depths: true
     0 | D:1      | 0 ||| qw: Lair rune preference: random
     0 | D:1      | 0 ||| qw: Plans: Normal
     0 | D:1      | 0 ||| PLANNING D:1-11
   375 | D:1      | Reached XP level 2. HP: 26/26 MP: 1/1
   442 | D:1      | 442 ||| Stepping ~*~*~tactically~*~*~ (stealth).
   803 | D:1      | 803 ||| Stepping ~*~*~tactically~*~*~ (hiding).
   811 | D:1      | Reached ** piety under Trog
  1092 | D:1      | 1092 ||| READING scroll labelled CIMNOT COERYV.
  1092 | D:1      | Identified a scroll of acquirement
  1092 | D:1      | 1092 ||| ACQUIRING +2 pair of boots of Pejig {rF+ Stlth+}
  1092 | D:1      | Acquired the +2 pair of boots of Pejig {rF+ Stlth+}
  1094 | D:1      | 1094 ||| UPGRADING to +2 pair of boots of Pejig {rF+
                  | Stlth+}.
  1099 | D:1      | 1099 ||| READING scroll labelled LUIVOY FEKI.
  1100 | D:1      | 1100 ||| READING scroll labelled JEWNOPHANU.
  1101 | D:1      | 1101 ||| READING scroll labelled CYM LIQUNEXELO.
  1102 | D:1      | 1102 ||| Stepping randomly (stuck).
  1103 | D:1      | 1103 ||| Stepping ~*~*~tactically~*~*~ (cloud).
  1369 | D:2      | 1369 ||| Stepping ~*~*~tactically~*~*~ (stealth).
  1371 | D:2      | 1371 ||| Stepping ~*~*~tactically~*~*~ (stealth).
  1373 | D:2      | Reached XP level 3. HP: 28/31 MP: 2/2
  1390 | D:2      | 1390 ||| Stepping ~*~*~tactically~*~*~ (stealth).
  1394 | D:2      | 1394 ||| Stepping ~*~*~tactically~*~*~ (stealth).
  1419 | D:2      | 1419 ||| INVOKING Berserk.
  1547 | D:2      | 1547 ||| Stepping ~*~*~tactically~*~*~ (hiding).
  1708 | D:2      | 1708 ||| Stepping ~*~*~tactically~*~*~ (hiding).
  1709 | D:2      | 1709 ||| INVOKING Berserk.
  1716 | D:2      | Reached skill level 6 in Axes
  1716 | D:2      | Reached XP level 4. HP: 21/39 MP: 3/3
  1717 | D:2      | HP: 14/58 [poisoned by a gnoll]
  1719 | D:2      | HP: 6/39 [poisoned by a gnoll]
  1720 | D:2      | 1720 ||| INVOKING Trog's Hand.
  1721 | D:2      | HP: 2/39 [poisoned by a gnoll]
  1948 | D:2      | 1948 ||| DROPPING +0 club.
  1981 | D:2      | Found a hazy altar of Hepliaklqana.
  2073 | D:2      | 2073 ||| INVOKING Berserk.
  2234 | D:2      | 2234 ||| Stepping ~*~*~tactically~*~*~ (stealth).
  2236 | D:2      | 2236 ||| Stepping ~*~*~tactically~*~*~ (stealth).
  2238 | D:2      | 2238 ||| Stepping ~*~*~tactically~*~*~ (stealth).
  2239 | D:2      | 2239 ||| Stepping ~*~*~tactically~*~*~ (stealth).
  2242 | D:2      | 2242 ||| Stepping ~*~*~tactically~*~*~ (stealth).
  2247 | D:2      | 2247 ||| Stepping ~*~*~tactically~*~*~ (stealth).
  2249 | D:2      | 2249 ||| Stepping ~*~*~tactically~*~*~ (stealth).
  2251 | D:2      | 2251 ||| Stepping ~*~*~tactically~*~*~ (stealth).
  2252 | D:2      | 2252 ||| Stepping ~*~*~tactically~*~*~ (stealth).
  2255 | D:2      | 2255 ||| Stepping ~*~*~tactically~*~*~ (stealth).
  2328 | D:2      | Found a faded altar of an unknown god.
  2355 | D:2      | Found Moomoimn's Armour Shoppe.
  2358 | D:2      | 2358 ||| BUYING +0 chain mail (49 gold).
  2358 | D:2      | Bought a +0 chain mail for 49 gold pieces
  2358 | D:2      | 2358 ||| SHOPLISTING +1 scale mail of poison resistance
                  | (143 gold, have 27).
  2478 | D:2      | 2478 ||| Stepping ~*~*~tactically~*~*~ (stealth).
  2479 | D:2      | 2479 ||| INVOKING Berserk.
  2481 | D:2      | Reached XP level 5. HP: 45/45 MP: 4/4
  2591 | D:2      | 2591 ||| SWAPPING to +0 war axe.
  2593 | D:2      | 2593 ||| Stepping ~*~*~tactically~*~*~ (stealth).
  2594 | D:2      | 2594 ||| DROPPING +0 hand axe.
  2746 | D:2      | 2746 ||| Stepping ~*~*~tactically~*~*~ (stealth).
  2749 | D:2      | Reached skill level 1 in Throwing
  2750 | D:2      | 2750 ||| Stepping ~*~*~tactically~*~*~ (stealth).
  2979 | D:2      | Reached skill level 4 in Fighting
  3164 | D:2      | 3164 ||| DROPPING scarf of invisibility.
  3165 | D:2      | 3165 ||| UPGRADING to +0 leather armour.
  3175 | D:2      | 3175 ||| DROPPING +0 animal skin.
  3176 | D:2      | 3176 ||| UPGRADING to +0 chain mail.
  3186 | D:2      | 3186 ||| DROPPING +0 leather armour.
  3187 | D:2      | 3187 ||| UPGRADING to +0 pair of gloves.
  3192 | D:2      | 3192 ||| UPGRADING to amulet of guardian spirit.
  3197 | D:2      | 3197 ||| READING scroll labelled WINNYCO HEEN.
  3198 | D:2      | 3198 ||| READING scroll labelled GARINGI DEKITA.
  3199 | D:2      | 3199 ||| READING 2 scrolls labelled ISOBRI UCHERO.
  3200 | D:2      | 3200 ||| READING scroll labelled POEREO FERU.
  3301 | D:2      | 3301 ||| READING scroll labelled FYTHI BYIS.
  3658 | D:3      | 3658 ||| INVOKING Berserk.
  3783 | D:3      | 3783 ||| DROPPING +0 whip.
  3888 | D:3      | Noticed Sigmund
  3889 | D:3      | 3889 ||| Stepping ~*~*~tactically~*~*~ (hiding).
  3894 | D:3      | 3894 ||| INVOKING Berserk.
  3897 | D:3      | Killed Sigmund
  3898 | D:3      | Reached XP level 6. HP: 52/52 MP: 5/5
  4232 | D:3      | Reached *** piety under Trog
  4338 | D:3      | 4338 ||| UPGRADING to ring of protection from fire.
  4339 | D:3      | 4339 ||| UPGRADING to ring of willpower.
  4340 | D:3      | 4340 ||| READING scroll labelled NOARYT WEKLUSI.
  4341 | D:3      | 4341 ||| READING scroll labelled DOCZIS YKUIW.
  4342 | D:3      | 4342 ||| READING scroll labelled XOOGOUDIOKU.
  4343 | D:3      | 4343 ||| DRINKING 3 ruby potions.
  4343 | D:3      | Gained mutation: Potions are less effective at restoring
                  | your health. [potion of mutation]
  4344 | D:3      | 4344 ||| DRINKING 2 potions of mutation.
  4344 | D:3      | Lost mutation: Potions are less effective at restoring your
                  | health. [potion of mutation]
  4344 | D:3      | Gained mutation: Your spells are a little easier to cast,
                  | but a little less powerful. [potion of mutation]
  4344 | D:3      | Gained mutation: Your magical capacity is low. (-10% MP)
                  | [potion of mutation]
  4345 | D:3      | 4345 ||| DRINKING 2 coppery potions.
  4346 | D:3      | 4346 ||| READING 3 scrolls of identify.
  4346 | D:3      | 4346 ||| IDENTIFYING bubbling pink potion
  4347 | D:3      | 4347 ||| READING 2 scrolls of identify.
  4347 | D:3      | 4347 ||| IDENTIFYING bubbling cyan potion
  4348 | D:3      | 4348 ||| DROPPING potion of brilliance.
  4380 | D:4      | Found a snail-covered altar of Cheibriados.
  4382 | D:4      | Noticed Pikel
  4388 | D:4      | 4388 ||| INVOKING Berserk.
  4392 | D:4      | Killed Pikel
  4393 | D:4      | Reached skill level 6 in Armour
  4393 | D:4      | Reached XP level 7. HP: 59/59 MP: 5/5
  4586 | D:4      | 4586 ||| Stepping ~*~*~tactically~*~*~ (stealth).
  4651 | D:4      | 4651 ||| Stepping ~*~*~tactically~*~*~ (stealth).
  4660 | D:4      | 4660 ||| Stepping ~*~*~tactically~*~*~ (stealth).
  4759 | D:4      | 4759 ||| DRINKING 2 metallic yellow potions.
  4760 | D:4      | 4760 ||| Stepping randomly (stuck).
  4806 | D:4      | Reached skill level 9 in Axes
  4818 | D:4      | 4818 ||| Stepping ~*~*~tactically~*~*~ (stealth).
  4819 | D:4      | 4819 ||| Stepping ~*~*~tactically~*~*~ (stealth).
  4868 | D:4      | 4868 ||| Stepping ~*~*~tactically~*~*~ (stealth).
  4879 | D:4      | Reached XP level 8. HP: 65/67 MP: 6/6
  5330 | D:5      | Entered Level 5 of the Dungeon
  5395 | D:5      | Noticed Ijyb
  5396 | D:5      | 5396 ||| Stepping ~*~*~tactically~*~*~ (hiding).
  5400 | D:5      | 5400 ||| INVOKING Berserk.
  5403 | D:5      | Killed Ijyb
  5404 | D:5      | Reached skill level 5 in Fighting
  5519 | D:5      | 5519 ||| INVOKING Berserk.
  5760 | D:5      | 5760 ||| Stepping ~*~*~tactically~*~*~ (stealth).
  5774 | D:5      | Found an ancient bone altar of Kikubaaqudgha.
  5778 | D:5      | 5778 ||| INVOKING Berserk.
  5938 | D:5      | Reached skill level 6 in Fighting
  6036 | D:5      | Found a faded altar of an unknown god.
  6041 | D:5      | 6041 ||| INVOKING Berserk.
  6154 | D:5      | 6154 ||| DROPPING +0 flail.
  6155 | D:5      | Found a hazy altar of Hepliaklqana.
  6182 | D:5      | 6182 ||| Stepping ~*~*~tactically~*~*~ (stealth).
  6189 | D:5      | 6189 ||| INVOKING Berserk.
  6206 | D:5      | 6206 ||| Stepping ~*~*~tactically~*~*~ (stealth).
  6207 | D:5      | 6207 ||| Stepping ~*~*~tactically~*~*~ (stealth).
  6295 | D:5      | 6295 ||| Stepping ~*~*~tactically~*~*~ (stealth).
  6304 | D:5      | 6304 ||| READING scroll of enchant weapon.
  6304 | D:5      | 6304 ||| ENCHANTING +1 war axe.
  6318 | D:5      | 6318 ||| INVOKING Berserk.
  6330 | D:5      | Noticed a hornet
  6331 | D:5      | 6331 ||| Stepping ~*~*~tactically~*~*~ (stealth).
  6333 | D:5      | 6333 ||| Stepping ~*~*~tactically~*~*~ (stealth).
  6451 | D:5      | 6451 ||| Stepping ~*~*~tactically~*~*~ (stealth).
  6467 | D:5      | Killed a hornet
  6468 | D:5      | Reached skill level 12 in Axes
  6468 | D:5      | Reached XP level 9. HP: 73/75 MP: 5/7
  6489 | D:5      | 6489 ||| INVOKING Berserk.
  6850 | D:5      | 6850 ||| UPGRADING to +0 kite shield.
  6855 | D:5      | 6855 ||| DRINKING 4 metallic puce potions.
  6856 | D:5      | 6856 ||| READING 2 scrolls of identify.
  6856 | D:5      | 6856 ||| IDENTIFYING clear potion
  6857 | D:5      | 6857 ||| DROPPING 3 potions of flight.
  6963 | D:6      | Found a transporter.
  6973 | D:6      | Noticed qw's ghost (novice MiFi)
  6982 | D:6      | 6982 ||| INVOKING Berserk.
  7139 | D:6      | Reached skill level 1 in Shields
  7322 | D:6      | Found a transporter.
  7404 | D:6      | Found a glowing golden altar of the Shining One.
  7434 | D:6      | Reached skill level 3 in Shields
  7450 | D:6      | 7450 ||| DROPPING +8 flail.
  7725 | D:6      | Found a basalt altar of Yredelemnul.
  7850 | D:6      | 7850 ||| DRINKING 2 green potions.
  7851 | D:6      | 7851 ||| DROPPING potion of magic.
  7873 | D:7      | 7873 ||| Stepping ~*~*~tactically~*~*~ (hiding).
  7886 | D:7      | Reached **** piety under Trog
  7889 | D:7      | 7889 ||| Stepping ~*~*~tactically~*~*~ (stealth).
  7890 | D:7      | 7890 ||| INVOKING Berserk.
  7894 | D:7      | Reached skill level 6 in Shields
  8157 | D:7      | Found Kengaz's Armour Shoppe.
  8164 | D:7      | 8164 ||| INVOKING Berserk.
  8291 | D:7      | 8291 ||| INVOKING Berserk.
  8427 | D:7      | 8427 ||| Stepping ~*~*~tactically~*~*~ (hiding).
  8501 | D:7      | 8501 ||| INVOKING Berserk.
  8692 | D:7      | Found a staircase to the Ecumenical Temple.
  8693 | D:7      | 8693 ||| INVOKING Berserk.
  8870 | D:7      | Reached skill level 7 in Fighting
  9050 | D:7      | 9050 ||| Stepping ~*~*~tactically~*~*~ (stealth).
  9056 | D:7      | 9056 ||| Stepping ~*~*~tactically~*~*~ (stealth).
  9064 | D:7      | Reached skill level 9 in Shields
  9064 | D:7      | Reached XP level 10. HP: 76/86 MP: 6/8
  9206 | D:7      | 9206 ||| READING scroll labelled DUZOGG BAGREMP.
  9209 | D:7      | 9209 ||| DRINKING 2 murky green potions.
  9257 | D:7      | 9257 ||| READING 2 scrolls of identify.
  9257 | D:7      | 9257 ||| IDENTIFYING sapphire potion
  9258 | D:7      | 9258 ||| DROPPING potion of attraction.
  9259 | D:7      | 9259 ||| DROPPING potion of lignification.
  9331 | D:8      | Found a shadowy altar of Dithmenos.
  9360 | D:8      | 9360 ||| INVOKING Berserk.
  9388 | D:8      | 9388 ||| FLEEEEING.
  9389 | D:8      | 9389 ||| FLEEEEING.
  9390 | D:8      | 9390 ||| Stepping ~*~*~tactically~*~*~ (stealth).
  9397 | D:8      | 9397 ||| STAIRDANCE
  9646 | D:8      | 9646 ||| Stepping ~*~*~tactically~*~*~ (stealth).
  9659 | D:8      | Reached skill level 8 in Fighting
  9855 | D:8      | 9855 ||| INVOKING Berserk.
 10077 | D:8      | 10077 ||| READING scroll of acquirement.
 10077 | D:8      | 10077 ||| ACQUIRING +3 broad axe of electrocution
 10077 | D:8      | Acquired a +3 broad axe of electrocution
 10079 | D:8      | 10079 ||| SWAPPING to +3 broad axe of electrocution.
 10080 | D:8      | 10080 ||| DROPPING +2 war axe.
 10144 | D:8      | 10144 ||| INVOKING Berserk.
 10151 | D:8      | HP: 22/88 [poisoned by a killer bee]
 10224 | D:8      | 10224 ||| INVOKING Berserk.
 10226 | D:8      | Paralysed by a hornet for 1 turns
 10605 | D:8      | Found a glowing silver altar of Zin.
 10605 | D:8      | Noticed an angel
 10798 | D:9      | Found a sacrificial altar of Ru.
 10809 | D:9      | Reached skill level 3 in Dodging
 10906 | D:9      | 10906 ||| INVOKING Berserk.
 11073 | D:9      | 11073 ||| INVOKING Berserk.
 11189 | D:9      | 11189 ||| Stepping ~*~*~tactically~*~*~ (stealth).
 11194 | D:9      | 11194 ||| Stepping ~*~*~tactically~*~*~ (hiding).
 11325 | D:9      | Found a bloodstained altar of Trog.
 11414 | D:9      | Found a radiant altar of Vehumet.
 11421 | D:9      | 11421 ||| UPGRADING to amulet of reflection.
 11431 | D:9      | 11431 ||| DROPPING amulet of guardian spirit.
 11432 | D:9      | 11432 ||| DROPPING amulet of regeneration.
 11433 | D:9      | 11433 ||| READING 3 scrolls of identify.
 11433 | D:9      | 11433 ||| IDENTIFYING inky potion
 11434 | D:9      | 11434 ||| READING 2 scrolls of identify.
 11434 | D:9      | 11434 ||| IDENTIFYING fuming orange potion
 11435 | D:9      | 11435 ||| DROPPING potion of invisibility.
 11436 | D:9      | 11436 ||| Stepping randomly (stuck).
 11489 | D:9      | Found a burning altar of Makhleb.
 11521 | D:9      | 11521 ||| Stepping ~*~*~tactically~*~*~ (stealth).
 11563 | D:9      | 11563 ||| FLEEEEING.
 11564 | D:9      | 11564 ||| FLEEEEING.
 11565 | D:9      | 11565 ||| FLEEEEING.
 11566 | D:9      | 11566 ||| FLEEEEING.
 11567 | D:9      | 11567 ||| FLEEEEING.
 11568 | D:9      | 11568 ||| FLEEEEING.
 11569 | D:9      | 11569 ||| FLEEEEING.
 11570 | D:9      | 11570 ||| FLEEEEING.
 11571 | D:9      | 11571 ||| FLEEEEING.
 11572 | D:9      | 11572 ||| FLEEEEING.
 11573 | D:9      | 11573 ||| FLEEEEING.
 11574 | D:9      | 11574 ||| Stepping ~*~*~tactically~*~*~ (hiding).
 11747 | D:10     | Entered Level 10 of the Dungeon
 11747 | D:10     | Found a staircase to the Orcish Mines.
 11747 | D:10     | Found Mekufero's Armour Boutique.
 11749 | D:10     | Noticed Harold
 11750 | D:10     | 11750 ||| Stepping ~*~*~tactically~*~*~ (stealth).
 11752 | D:10     | 11752 ||| Stepping ~*~*~tactically~*~*~ (stealth).
 11760 | D:10     | 11760 ||| Stepping ~*~*~tactically~*~*~ (stealth).
 11762 | D:10     | 11762 ||| STAIRDANCE
 11775 | D:10     | 11775 ||| STAIRDANCE
 11816 | D:10     | 11816 ||| STAIRDANCE
 11820 | D:9      | Reached XP level 11. HP: 94/94 MP: 8/8
 11824 | D:10     | 11824 ||| STAIRDANCE
 11833 | D:10     | 11833 ||| Stepping ~*~*~tactically~*~*~ (hiding).
 11838 | D:10     | 11838 ||| INVOKING Berserk.
 11846 | D:10     | Killed Harold
 11847 | D:10     | Reached skill level 15 in Axes
 11852 | D:10     | 11852 ||| Stepping ~*~*~tactically~*~*~ (hiding).
 12078 | D:10     | 12078 ||| BUYING +2 plate armour of cold resistance (400
                  | gold).
 12078 | D:10     | Bought a +2 plate armour of cold resistance for 400 gold
                  | pieces
 12078 | D:10     | 12078 ||| SHOPLISTING +5 plate armour "Kacat" {rElec rN+
                  | Will+ Regen+ SInv} (760 gold, have 108).
 12184 | D:10     | Found a hide-covered altar of Uskayaw.
 12207 | D:10     | Paralysed by a hornet for 1 turns
 12305 | D:10     | 12305 ||| Stepping ~*~*~tactically~*~*~ (hiding).
 12312 | D:10     | Reached skill level 9 in Fighting
 12403 | D:10     | Found an opulent altar of Gozag.
 12616 | D:10     | 12616 ||| Stepping ~*~*~tactically~*~*~ (hiding).
 12618 | D:10     | 12618 ||| Stepping ~*~*~tactically~*~*~ (hiding).
 12780 | D:10     | Found an iron altar of Okawaru.
 12800 | D:10     | 12800 ||| Stepping randomly (disturbance).
 13025 | D:10     | 13025 ||| UPGRADING to +2 plate armour of cold resistance.
 13035 | D:10     | 13035 ||| DROPPING +0 chain mail.
 13036 | D:10     | 13036 ||| UPGRADING to +4 ring of evasion.
 13038 | D:10     | 13038 ||| READING 2 scrolls of identify.
 13038 | D:10     | 13038 ||| IDENTIFYING orange potion
 13039 | D:10     | 13039 ||| DROPPING potion of ambrosia.
 13055 | D:11     | 13055 ||| Stepping ~*~*~tactically~*~*~ (stealth).
 13057 | D:11     | 13057 ||| Stepping ~*~*~tactically~*~*~ (stealth).
 13082 | D:11     | 13082 ||| Stepping ~*~*~tactically~*~*~ (stealth).
 13083 | D:11     | 13083 ||| Stepping ~*~*~tactically~*~*~ (stealth).
 13154 | D:11     | 13154 ||| INVOKING Berserk.
 13177 | D:11     | Reached ***** piety under Trog
 13201 | D:11     | 13201 ||| Stepping ~*~*~tactically~*~*~ (stealth).
 13313 | D:11     | Found a staircase to the Lair.
 13354 | D:11     | 13354 ||| INVOKING Berserk.
 13484 | D:11     | Noticed a two-headed ogre
 13485 | D:11     | 13485 ||| Stepping ~*~*~tactically~*~*~ (hiding).
 13493 | D:11     | 13493 ||| INVOKING Berserk.
 13496 | D:11     | Killed a two-headed ogre
 13497 | D:11     | Noticed a two-headed ogre
 13499 | D:11     | Noticed a five-headed hydra
 13503 | D:11     | Killed a two-headed ogre
 13514 | D:11     | 13514 ||| INVOKING Brothers in Arms.
 13515 | D:11     | 13515 ||| INVOKING Brothers in Arms.
 13516 | D:11     | 13516 ||| SWAPPING to +0 morningstar.
 13518 | D:11     | HP: 23/97 [seven-headed hydra (3)]
 13518 | D:11     | HP: 4/97 [seven-headed hydra (8)]
 13519 | D:11     | 13519 ||| DRINKING 3 potions of heal wounds.
 13519 | D:11     | Killed a seven-headed hydra
 13520 | D:11     | 13520 ||| SWAPPING to +3 broad axe of electrocution.
 13528 | D:11     | Noticed a four-headed hydra
 13529 | D:11     | 13529 ||| SWAPPING to +0 morningstar.
 13533 | D:11     | HP: 21/97 [four-headed hydra (6)]
 13533 | D:11     | HP: 8/97 [four-headed hydra (8)]
 13534 | D:11     | 13534 ||| DRINKING 2 potions of heal wounds.
 13535 | D:11     | Killed a four-headed hydra
 13536 | D:11     | Reached XP level 12. HP: 38/106 MP: 9/9
 13536 | D:11     | 13536 ||| SWAPPING to +3 broad axe of electrocution.
 13908 | D:11     | 13908 ||| Stepping ~*~*~tactically~*~*~ (hiding).
 13915 | D:11     | Reached skill level 10 in Fighting
 14232 | D:11     | 14232 ||| PLANNING LAIR
 14232 | D:11     | 14232 ||| DROPPING +1 pair of boots.
 14233 | D:11     | 14233 ||| READING 4 scrolls of identify.
 14233 | D:11     | 14233 ||| IDENTIFYING red potion
 14234 | D:11     | 14234 ||| DROPPING potion of berserk rage.
 14261 | Lair:1   | Entered Level 1 of the Lair of Beasts
 14575 | Lair:1   | Noticed Gastronok
 14580 | Lair:1   | 14580 ||| INVOKING Berserk.
 14586 | Lair:1   | Killed Gastronok
 14587 | Lair:1   | Reached skill level 9 in Armour
 14791 | Lair:1   | 14791 ||| Stepping ~*~*~tactically~*~*~ (stealth).
 14798 | Lair:1   | 14798 ||| Stepping ~*~*~tactically~*~*~ (stealth).
 15072 | Lair:1   | 15072 ||| Stepping ~*~*~tactically~*~*~ (stealth).
 15249 | Lair:1   | Reached skill level 18 in Axes
 15440 | Lair:1   | 15440 ||| UPGRADING to +2 hat of willpower.
 15453 | Lair:2   | 15453 ||| STAIRDANCE
 15511 | Lair:2   | 15511 ||| STAIRDANCE
 15513 | Lair:1   | 15513 ||| INVOKING Berserk.
 15623 | Lair:2   | 15623 ||| STAIRDANCE
 15625 | Lair:1   | 15625 ||| INVOKING Berserk.
 15734 | Lair:2   | 15734 ||| INVOKING Berserk.
 15759 | Lair:2   | 15759 ||| STAIRDANCE
 15902 | Lair:2   | 15902 ||| INVOKING Berserk.
 16007 | Lair:2   | Noticed a catoblepas
 16009 | Lair:2   | 16009 ||| Stepping ~*~*~tactically~*~*~ (cloud).
 16012 | Lair:2   | 16012 ||| INVOKING Berserk.
 16018 | Lair:2   | Killed a catoblepas
 16019 | Lair:2   | Reached skill level 11 in Fighting
 16088 | Lair:2   | 16088 ||| Stepping ~*~*~tactically~*~*~ (stealth).
 16089 | Lair:2   | 16089 ||| Stepping ~*~*~tactically~*~*~ (stealth).
 16091 | Lair:2   | 16091 ||| INVOKING Berserk.
 16293 | Lair:2   | 16293 ||| INVOKING Berserk.
 16518 | Lair:2   | 16518 ||| INVOKING Berserk.
 16521 | Lair:2   | Reached skill level 12 in Shields
 16662 | Lair:2   | Noticed a six-headed hydra
 16663 | Lair:2   | 16663 ||| INVOKING Brothers in Arms.
 16664 | Lair:2   | 16664 ||| INVOKING Brothers in Arms.
 16666 | Lair:2   | 16666 ||| SWAPPING to +0 morningstar.
 16667 | Lair:2   | 16667 ||| INVOKING Berserk.
 16669 | Lair:2   | Killed a six-headed hydra
 16679 | Lair:2   | 16679 ||| SWAPPING to +3 broad axe of electrocution.
 16896 | Lair:2   | Found a staircase to the Shoals.
 17066 | Lair:2   | 17066 ||| UPGRADING to +6 ring of dexterity.
 17068 | Lair:2   | 17068 ||| DROPPING ring of willpower.
 17151 | Lair:3   | 17151 ||| Stepping ~*~*~tactically~*~*~ (stealth).
 17152 | Lair:3   | 17152 ||| Stepping ~*~*~tactically~*~*~ (stealth).
 17154 | Lair:3   | 17154 ||| Stepping ~*~*~tactically~*~*~ (hiding).
 17167 | Lair:3   | Reached XP level 13. HP: 116/116 MP: 10/10
 17170 | Lair:3   | Found a hole to the Spider Nest.
 17333 | Lair:3   | You fall into a shaft and drop 2 floors!
 17333 | Lair:5   | Entered Level 5 of the Lair of Beasts
 17339 | Lair:5   | 17339 ||| INVOKING Berserk.
 17347 | Lair:5   | Reached skill level 6 in Dodging
 17479 | Lair:4   | Reached skill level 12 in Fighting
 17650 | Lair:4   | 17650 ||| Stepping ~*~*~tactically~*~*~ (stealth).
 17676 | Lair:4   | 17676 ||| READING 5 scrolls of identify.
 17676 | Lair:4   | 17676 ||| IDENTIFYING grey potion
 17799 | Lair:3   | 17799 ||| INVOKING Berserk.
 17925 | Lair:3   | 17925 ||| INVOKING Berserk.
 18418 | Lair:4   | 18418 ||| Stepping ~*~*~tactically~*~*~ (stealth).
 18427 | Lair:4   | 18427 ||| INVOKING Berserk.
 18584 | Lair:4   | Reached skill level 3 in Throwing
 18699 | Lair:4   | 18699 ||| INVOKING Brothers in Arms.
 18701 | Lair:4   | 18701 ||| SWAPPING to +0 morningstar.
 18702 | Lair:4   | 18702 ||| INVOKING Berserk.
 18748 | Lair:4   | 18748 ||| SWAPPING to +3 broad axe of electrocution.
 18849 | Lair:4   | 18849 ||| INVOKING Brothers in Arms.
 18851 | Lair:4   | 18851 ||| SWAPPING to +0 morningstar.
 18853 | Lair:4   | 18853 ||| INVOKING Brothers in Arms.
 18854 | Lair:4   | 18854 ||| INVOKING Brothers in Arms.
 18855 | Lair:4   | 18855 ||| INVOKING Berserk.
 18861 | Lair:4   | 18861 ||| SWAPPING to +3 broad axe of electrocution.
 19157 | Lair:4   | 19157 ||| UPGRADING to ring of see invisible.
 19198 | Lair:5   | 19198 ||| INVOKING Berserk.
 19212 | Lair:5   | 19212 ||| Stepping ~*~*~tactically~*~*~ (stealth).
 19241 | Lair:5   | 19241 ||| Stepping ~*~*~tactically~*~*~ (stealth).
 19242 | Lair:5   | 19242 ||| Stepping ~*~*~tactically~*~*~ (stealth).
 19244 | Lair:5   | 19244 ||| Stepping ~*~*~tactically~*~*~ (stealth).
 19284 | Lair:5   | 19284 ||| INVOKING Berserk.
 19309 | Lair:5   | 19309 ||| DRINKING potion of cancellation.
 19368 | Lair:5   | 19368 ||| Stepping ~*~*~tactically~*~*~ (stealth).
 19369 | Lair:5   | 19369 ||| Stepping ~*~*~tactically~*~*~ (stealth).
 19370 | Lair:5   | 19370 ||| Stepping ~*~*~tactically~*~*~ (stealth).
 19373 | Lair:5   | 19373 ||| Stepping ~*~*~tactically~*~*~ (stealth).
 19395 | Lair:5   | 19395 ||| Stepping ~*~*~tactically~*~*~ (stealth).
 19431 | Lair:5   | 19431 ||| Stepping ~*~*~tactically~*~*~ (stealth).
 19439 | Lair:5   | Found a staircase to the Slime Pits.
 19476 | Lair:5   | 19476 ||| INVOKING Brothers in Arms.
 19477 | Lair:5   | 19477 ||| INVOKING Brothers in Arms.
 19478 | Lair:5   | 19478 ||| INVOKING Brothers in Arms.
 19479 | Lair:5   | 19479 ||| INVOKING Berserk.
 19487 | Lair:5   | Reached skill level 13 in Fighting
 19517 | Lair:5   | Reached skill level 12 in Armour
 19523 | Lair:5   | 19523 ||| INVOKING Brothers in Arms.
 19525 | Lair:5   | 19525 ||| SWAPPING to +0 morningstar.
 19530 | Lair:5   | Reached XP level 14. HP: 43/129 MP: 11/11
 19530 | Lair:5   | 19530 ||| SWAPPING to +3 broad axe of electrocution.
 19730 | Lair:5   | 19730 ||| Stepping ~*~*~tactically~*~*~ (hiding).
 19731 | Lair:5   | 19731 ||| Stepping ~*~*~tactically~*~*~ (hiding).
 19979 | Lair:5   | 19979 ||| SWAPPING to +0 morningstar.
 19980 | Lair:5   | 19980 ||| INVOKING Berserk.
 19995 | Lair:5   | 19995 ||| SWAPPING to +3 broad axe of electrocution.
 20134 | Lair:5   | 20134 ||| Stepping ~*~*~tactically~*~*~ (stealth).
 20138 | Lair:5   | 20138 ||| Stepping ~*~*~tactically~*~*~ (stealth).
 20167 | Lair:5   | Reached skill level 14 in Fighting
 20179 | Lair:5   | 20179 ||| FLEEEEING.
 20180 | Lair:5   | 20180 ||| FLEEEEING.
 20181 | Lair:5   | 20181 ||| FLEEEEING.
 20182 | Lair:5   | 20182 ||| FLEEEEING.
 20183 | Lair:5   | 20183 ||| STAIRDANCE
 20257 | Lair:5   | 20257 ||| STAIRDANCE
 20274 | Lair:5   | 20274 ||| Stepping ~*~*~tactically~*~*~ (hiding).
 20292 | Lair:5   | 20292 ||| Stepping ~*~*~tactically~*~*~ (stealth).
 20293 | Lair:5   | 20293 ||| Stepping ~*~*~tactically~*~*~ (stealth).
 20295 | Lair:5   | 20295 ||| Stepping ~*~*~tactically~*~*~ (hiding).
 20617 | Lair:5   | 20617 ||| Stepping ~*~*~tactically~*~*~ (hiding).
 20648 | Lair:5   | 20648 ||| Stepping ~*~*~tactically~*~*~ (hiding).
 20651 | Lair:5   | 20651 ||| INVOKING Trog's Hand.
 20683 | Lair:5   | 20683 ||| Stepping ~*~*~tactically~*~*~ (stealth).
 20685 | Lair:5   | 20685 ||| Stepping ~*~*~tactically~*~*~ (stealth).
 20701 | Lair:5   | Reached skill level 6 in Throwing
 20728 | Lair:5   | 20728 ||| FLEEEEING.
 20729 | Lair:5   | 20729 ||| FLEEEEING.
 20733 | Lair:5   | 20733 ||| FLEEEEING.
 20734 | Lair:5   | 20734 ||| FLEEEEING.
 20735 | Lair:5   | 20735 ||| FLEEEEING.
 20743 | Lair:5   | 20743 ||| FLEEEEING.
 20744 | Lair:5   | 20744 ||| FLEEEEING.
 20748 | Lair:5   | 20748 ||| FLEEEEING.
 20749 | Lair:5   | 20749 ||| FLEEEEING.
 20750 | Lair:5   | 20750 ||| FLEEEEING.
 20751 | Lair:5   | 20751 ||| FLEEEEING.
 20752 | Lair:5   | 20752 ||| FLEEEEING.
 20753 | Lair:5   | 20753 ||| FLEEEEING.
 20754 | Lair:5   | 20754 ||| FLEEEEING.
 20755 | Lair:5   | 20755 ||| FLEEEEING.
 20756 | Lair:5   | 20756 ||| FLEEEEING.
 20757 | Lair:5   | 20757 ||| FLEEEEING.
 21162 | Lair:5   | Found a burning altar of Makhleb.
 21168 | Lair:5   | Found a gateway to Hell.
 21235 | Lair:5   | 21235 ||| Stepping ~*~*~tactically~*~*~ (stealth).
 21236 | Lair:5   | 21236 ||| Stepping ~*~*~tactically~*~*~ (stealth).
 21237 | Lair:5   | 21237 ||| Stepping ~*~*~tactically~*~*~ (stealth).
 21238 | Lair:5   | 21238 ||| Stepping ~*~*~tactically~*~*~ (stealth).
 21257 | Lair:5   | 21257 ||| READING 8 scrolls of identify.
 21257 | Lair:5   | 21257 ||| IDENTIFYING emerald potion
 21258 | Lair:5   | 21258 ||| PLANNING D
 21258 | Lair:5   | 21258 ||| DROPPING potion of degeneration.
 21423 | D:12     | 21423 ||| Stepping ~*~*~tactically~*~*~ (hiding).
 21428 | D:12     | 21428 ||| Stepping ~*~*~tactically~*~*~ (hiding).
 21436 | D:12     | 21436 ||| INVOKING Berserk.
 21569 | D:12     | 21569 ||| SWAPPING to +2 vampiric war axe.
 21570 | D:12     | 21570 ||| DROPPING +3 broad axe of electrocution.
 21823 | D:12     | 21823 ||| Stepping ~*~*~tactically~*~*~ (hiding).
 21825 | D:12     | Noticed Azrael
 21831 | D:12     | 21831 ||| Stepping ~*~*~tactically~*~*~ (hiding).
 21834 | D:12     | 21834 ||| INVOKING Berserk.
 21841 | D:12     | Killed Azrael
 21853 | D:12     | 21853 ||| Stepping ~*~*~tactically~*~*~ (stealth).
 21908 | D:12     | 21908 ||| Stepping ~*~*~tactically~*~*~ (stealth).
 21909 | D:12     | 21909 ||| Stepping ~*~*~tactically~*~*~ (stealth).
 22027 | D:12     | 22027 ||| Stepping ~*~*~tactically~*~*~ (stealth).
 22028 | D:12     | 22028 ||| Stepping ~*~*~tactically~*~*~ (stealth).
 22122 | D:12     | 22122 ||| Stepping ~*~*~tactically~*~*~ (stealth).
 22233 | D:12     | 22233 ||| Stepping ~*~*~tactically~*~*~ (hiding).
 22456 | D:12     | 22456 ||| READING 2 scrolls labelled ZAMA QOTHADAE.
 22457 | D:12     | 22457 ||| DROPPING scroll of vulnerability.
 22491 | D:13     | 22491 ||| Stepping ~*~*~tactically~*~*~ (hiding).
 22492 | D:13     | 22492 ||| INVOKING Berserk.
 22507 | D:13     | 22507 ||| INVOKING Brothers in Arms.
 22508 | D:13     | 22508 ||| INVOKING Brothers in Arms.
 22509 | D:13     | 22509 ||| INVOKING Brothers in Arms.
 22509 | D:13     | Identified the +9 rapier of Grim Conscience {elec, *Rage
                  | rN+++ Str+3 Stlth+}
 22510 | D:13     | 22510 ||| SWAPPING to +0 morningstar.
 22511 | D:13     | 22511 ||| Stepping ~*~*~tactically~*~*~ (outnumbered).
 22515 | D:13     | 22515 ||| SWAPPING to +2 vampiric war axe.
 22523 | D:13     | Reached skill level 15 in Fighting
 22539 | D:13     | 22539 ||| INVOKING Berserk.
 22552 | D:13     | 22552 ||| FLEEEEING.
 22553 | D:13     | 22553 ||| FLEEEEING.
 22787 | D:13     | 22787 ||| Stepping ~*~*~tactically~*~*~ (stealth).
 22794 | D:13     | 22794 ||| FLEEEEING.
 22796 | D:13     | 22796 ||| INVOKING Berserk.
 22807 | D:13     | 22807 ||| FLEEEEING.
 22808 | D:13     | 22808 ||| FLEEEEING.
 22811 | D:13     | 22811 ||| FLEEEEING.
 22812 | D:13     | 22812 ||| FLEEEEING.
 22813 | D:13     | 22813 ||| FLEEEEING.
 22814 | D:13     | 22814 ||| STAIRDANCE
 22918 | D:13     | 22918 ||| STAIRDANCE
 22949 | D:13     | 22949 ||| Stepping ~*~*~tactically~*~*~ (hiding).
 23081 | D:13     | 23081 ||| Stepping ~*~*~tactically~*~*~ (stealth).
 23084 | D:13     | 23084 ||| Stepping ~*~*~tactically~*~*~ (hiding).
 23106 | D:13     | 23106 ||| Stepping ~*~*~tactically~*~*~ (hiding).
 23227 | D:13     | 23227 ||| Stepping ~*~*~tactically~*~*~ (hiding).
 23245 | D:13     | 23245 ||| Stepping ~*~*~tactically~*~*~ (hiding).
 23246 | D:13     | 23246 ||| Stepping ~*~*~tactically~*~*~ (hiding).
 23251 | D:13     | 23251 ||| INVOKING Berserk.
 23384 | D:13     | 23384 ||| Stepping ~*~*~tactically~*~*~ (stealth).
 23414 | D:13     | Identified the +3 flail of Popular Demand {drain, rC+ MP+9}
 23415 | D:13     | 23415 ||| Stepping ~*~*~tactically~*~*~ (hiding).
 23416 | D:13     | 23416 ||| Stepping ~*~*~tactically~*~*~ (hiding).
 23464 | D:13     | 23464 ||| Stepping ~*~*~tactically~*~*~ (hiding).
 23512 | D:13     | 23512 ||| Stepping ~*~*~tactically~*~*~ (stealth).
 23640 | D:13     | 23640 ||| READING scroll of enchant weapon.
 23640 | D:13     | 23640 ||| ENCHANTING +2 vampiric war axe.
 23651 | D:13     | 23651 ||| INVOKING Berserk.
 23659 | D:13     | Reached XP level 15. HP: 141/141 MP: 12/12
 23802 | D:13     | 23802 ||| Stepping ~*~*~tactically~*~*~ (hiding).
 23979 | D:13     | 23979 ||| Stepping ~*~*~tactically~*~*~ (stealth).
 23981 | D:13     | 23981 ||| INVOKING Berserk.
 24300 | D:13     | 24300 ||| DROPPING +6 ring of dexterity.
 24412 | D:14     | Reached skill level 15 in Shields
 24433 | D:14     | 24433 ||| Stepping ~*~*~tactically~*~*~ (stealth).
 24434 | D:14     | 24434 ||| Stepping ~*~*~tactically~*~*~ (stealth).
 24436 | D:14     | 24436 ||| Stepping ~*~*~tactically~*~*~ (stealth).
 24478 | D:14     | 24478 ||| Stepping ~*~*~tactically~*~*~ (stealth).
 24485 | D:14     | 24485 ||| Stepping ~*~*~tactically~*~*~ (stealth).
 24490 | D:14     | 24490 ||| Stepping ~*~*~tactically~*~*~ (stealth).
 24491 | D:14     | 24491 ||| Stepping ~*~*~tactically~*~*~ (hiding).
 24492 | D:14     | 24492 ||| Stepping ~*~*~tactically~*~*~ (cloud).
 24495 | D:14     | 24495 ||| Stepping ~*~*~tactically~*~*~ (hiding).
 24496 | D:14     | 24496 ||| Stepping ~*~*~tactically~*~*~ (hiding).
 24497 | D:14     | 24497 ||| Stepping ~*~*~tactically~*~*~ (hiding).
 24499 | D:14     | 24499 ||| Stepping ~*~*~tactically~*~*~ (cloud).
 24508 | D:14     | 24508 ||| Stepping ~*~*~tactically~*~*~ (cloud).
 24561 | D:14     | Found a gate to the Vaults.
 24562 | D:14     | Identified the +11 rapier of Taiqav {vorpal, rPois rF-
                  | MP+9}
 24592 | D:14     | 24592 ||| Stepping ~*~*~tactically~*~*~ (hiding).
 24700 | D:14     | 24700 ||| Stepping ~*~*~tactically~*~*~ (hiding).
 24733 | D:14     | 24733 ||| Stepping ~*~*~tactically~*~*~ (cloud).
 24740 | D:14     | 24740 ||| Stepping ~*~*~tactically~*~*~ (cloud).
 24745 | D:14     | 24745 ||| Stepping ~*~*~tactically~*~*~ (cloud).
 24885 | D:14     | 24885 ||| SWAPPING to +0 morningstar.
 24886 | D:14     | 24886 ||| INVOKING Berserk.
 24914 | D:14     | 24914 ||| SWAPPING to +3 vampiric war axe.
 25030 | D:14     | 25030 ||| SWAPPING to +0 morningstar.
 25031 | D:14     | 25031 ||| INVOKING Berserk.
 25052 | D:14     | 25052 ||| SWAPPING to +3 vampiric war axe.
 25057 | D:14     | Reached skill level 16 in Fighting
 25143 | D:14     | 25143 ||| Stepping ~*~*~tactically~*~*~ (stealth).
 25279 | D:14     | Noticed Nessos
 25280 | D:14     | 25280 ||| Stepping ~*~*~tactically~*~*~ (hiding).
 25282 | D:14     | 25282 ||| Stepping ~*~*~tactically~*~*~ (hiding).
 25283 | D:14     | 25283 ||| Stepping ~*~*~tactically~*~*~ (hiding).
 25285 | D:14     | 25285 ||| Stepping ~*~*~tactically~*~*~ (hiding).
 25288 | D:14     | 25288 ||| Stepping ~*~*~tactically~*~*~ (hiding).
 25292 | D:14     | Killed Nessos
 25686 | D:14     | 25686 ||| Stepping ~*~*~tactically~*~*~ (hiding).
 25688 | D:14     | 25688 ||| Stepping ~*~*~tactically~*~*~ (hiding).
 25968 | D:15     | Entered Level 15 of the Dungeon
 26031 | D:15     | Reached skill level 17 in Fighting
 26073 | D:15     | Noticed Josephine
 26085 | D:15     | Killed Josephine
 26125 | D:15     | 26125 ||| INVOKING Berserk.
 26184 | D:15     | 26184 ||| Stepping ~*~*~tactically~*~*~ (stealth).
 26185 | D:15     | 26185 ||| Stepping ~*~*~tactically~*~*~ (stealth).
 26426 | D:15     | 26426 ||| SWAPPING to +0 morningstar.
 26428 | D:15     | 26428 ||| INVOKING Berserk.
 26435 | D:15     | 26435 ||| SWAPPING to +3 vampiric war axe.
 26441 | D:15     | Reached skill level 15 in Armour
 26585 | D:15     | 26585 ||| READING scroll of enchant weapon.
 26585 | D:15     | 26585 ||| ENCHANTING +3 vampiric war axe.
 26601 | D:15     | 26601 ||| Stepping ~*~*~tactically~*~*~ (hiding).
 26604 | D:15     | 26604 ||| INVOKING Trog's Hand.
 26607 | D:15     | 26607 ||| INVOKING Berserk.
 26733 | D:15     | Identified the +7 chain mail of the Shouting Mice {*Slow
                  | Regen+ Int+3 Dex+3}
 26850 | D:15     | 26850 ||| INVOKING Trog's Hand.
 26854 | D:15     | 26854 ||| INVOKING Berserk.
 26880 | D:15     | 26880 ||| Stepping ~*~*~tactically~*~*~ (stealth).
 26882 | D:15     | 26882 ||| Stepping ~*~*~tactically~*~*~ (stealth).
 26924 | D:15     | 26924 ||| Stepping ~*~*~tactically~*~*~ (hiding).
 27076 | D:15     | Found a staircase to the Depths.
 27192 | D:15     | 27192 ||| Stepping ~*~*~tactically~*~*~ (hiding).
 27330 | D:15     | 27330 ||| PLANNING ORC
 27330 | D:15     | 27330 ||| UPGRADING to +2 kite shield.
 27340 | D:15     | 27340 ||| DROPPING +0 kite shield.
 27341 | D:15     | 27341 ||| UPGRADING to +7 chain mail of the Shouting Mice
                  | {*Slow Regen+ Int+3 Dex+3}.
 27351 | D:15     | 27351 ||| UPGRADING to +0 cloak.
 27494 | Orc:1    | Entered Level 1 of the Orcish Mines
 27496 | Orc:1    | 27496 ||| INVOKING Trog's Hand.
 27499 | Orc:1    | 27499 ||| INVOKING Berserk.
 27530 | Orc:1    | 27530 ||| INVOKING Trog's Hand.
 27537 | Orc:1    | 27537 ||| INVOKING Berserk.
 27544 | Orc:1    | Reached XP level 16. HP: 155/155 MP: 13/13
 27762 | Orc:2    | Entered Level 2 of the Orcish Mines
 27763 | Orc:2    | 27763 ||| STAIRDANCE
 27867 | Orc:2    | 27867 ||| STAIRDANCE
 27876 | Orc:2    | 27876 ||| STAIRDANCE
 27878 | Orc:1    | 27878 ||| INVOKING Berserk.
 27997 | Orc:2    | 27997 ||| STAIRDANCE
 28005 | Orc:2    | 28005 ||| STAIRDANCE
 28007 | Orc:1    | 28007 ||| INVOKING Trog's Hand.
 28008 | Orc:1    | 28008 ||| INVOKING Berserk.
 28118 | Orc:2    | 28118 ||| STAIRDANCE
 28129 | Orc:2    | 28129 ||| STAIRDANCE
 28131 | Orc:1    | 28131 ||| INVOKING Berserk.
 28139 | Orc:1    | Reached skill level 9 in Dodging
 28267 | Orc:2    | 28267 ||| STAIRDANCE
 28275 | Orc:2    | 28275 ||| STAIRDANCE
 28282 | Orc:2    | 28282 ||| STAIRDANCE
 28295 | Orc:2    | 28295 ||| STAIRDANCE
 28297 | Orc:1    | 28297 ||| INVOKING Trog's Hand.
 28298 | Orc:1    | 28298 ||| INVOKING Berserk.
 28406 | Orc:2    | 28406 ||| INVOKING Trog's Hand.
 28407 | Orc:2    | 28407 ||| INVOKING Berserk.
 28412 | Orc:2    | Found Naty's Antique Armour Boutique.
 28428 | Orc:2    | Found a staircase to the Elven Halls.
 28492 | Orc:2    | 28492 ||| INVOKING Berserk.
 28526 | Orc:2    | 28526 ||| FLEEEEING.
 28527 | Orc:2    | 28527 ||| FLEEEEING.
 28528 | Orc:2    | 28528 ||| FLEEEEING.
 28529 | Orc:2    | 28529 ||| FLEEEEING.
 28541 | Orc:2    | 28541 ||| BUYING glowing plate armour (650 gold).
 28541 | Orc:2    | Bought a glowing plate armour for 650 gold pieces
 28541 | Orc:2    | 28541 ||| BUYING runed plate armour (650 gold).
 28541 | Orc:2    | Bought a runed plate armour for 650 gold pieces
 28541 | Orc:2    | 28541 ||| SHOPLISTING shiny plate armour (650 gold, have
                  | 364).
 28588 | Orc:2    | Found Rosutis's Antique Weapon Shoppe.
 28599 | Orc:2    | 28599 ||| BUYING runed morningstar (196 gold).
 28599 | Orc:2    | Bought a runed morningstar for 196 gold pieces
 28599 | Orc:2    | 28599 ||| DROPPING +0 morningstar.
 28632 | Orc:2    | 28632 ||| INVOKING Berserk.
 28638 | Orc:2    | Found Lymavuh's Jewellery Emporium.
 28649 | Orc:2    | 28649 ||| Stepping ~*~*~tactically~*~*~ (stealth).
 28650 | Orc:2    | 28650 ||| Stepping ~*~*~tactically~*~*~ (stealth).
 28651 | Orc:2    | 28651 ||| Stepping ~*~*~tactically~*~*~ (stealth).
 28775 | Orc:2    | 28775 ||| SHOPLISTING ring "Qavaom" {rF+ rN++ MP-9} (425
                  | gold, have 301).
 28793 | Orc:2    | Found Olunonau's General Store.
 29108 | Orc:2    | 29108 ||| DROPPING +3 plate armour of positive energy.
 29193 | Orc:1    | 29193 ||| Stepping ~*~*~tactically~*~*~ (hiding).
 29194 | Orc:1    | 29194 ||| Stepping ~*~*~tactically~*~*~ (hiding).
 29326 | Orc:1    | Found Xieqefru's Antique Armour Boutique.
 29330 | Orc:1    | 29330 ||| READING 6 scrolls of teleportation.
 29410 | Orc:1    | Found Loxzegaz's Specific Store.
 29413 | Orc:1    | Found Quudom's General Store.
 29425 | Orc:1    | 29425 ||| BUYING potion of might (44 gold).
 29425 | Orc:1    | Bought a potion of might for 44 gold pieces
 29507 | Orc:1    | 29507 ||| PLANNING SPIDER:1-3
 29685 | Spider:1 | Entered Level 1 of the Spider Nest
 29703 | Spider:1 | 29703 ||| INVOKING Brothers in Arms.
 29704 | Spider:1 | 29704 ||| INVOKING Brothers in Arms.
 29713 | Spider:1 | 29713 ||| INVOKING Brothers in Arms.
 29715 | Spider:1 | 29715 ||| DRINKING 8 potions of curing.
 29715 | Spider:1 | 29715 ||| (to cure bad poison)
 29718 | Spider:1 | 29718 ||| DRINKING 7 potions of curing.
 29718 | Spider:1 | 29718 ||| (to cure confusion)
 29742 | Spider:1 | 29742 ||| INVOKING Berserk.
 29764 | Spider:1 | 29764 ||| Stepping ~*~*~tactically~*~*~ (stealth).
 29766 | Spider:1 | 29766 ||| Stepping ~*~*~tactically~*~*~ (stealth).
 29767 | Spider:1 | 29767 ||| Stepping ~*~*~tactically~*~*~ (stealth).
 29768 | Spider:1 | 29768 ||| Stepping ~*~*~tactically~*~*~ (stealth).
 29791 | Spider:1 | 29791 ||| Stepping ~*~*~tactically~*~*~ (stealth).
 29834 | Spider:1 | 29834 ||| Stepping ~*~*~tactically~*~*~ (stealth).
 29840 | Spider:1 | 29840 ||| INVOKING Berserk.
 29899 | Spider:1 | Reached skill level 18 in Fighting
 30257 | Spider:1 | 30257 ||| READING 2 scrolls of enchant weapon.
 30257 | Spider:1 | 30257 ||| ENCHANTING +4 vampiric war axe.
 30258 | Spider:1 | 30258 ||| READING scroll of enchant weapon.
 30258 | Spider:1 | 30258 ||| ENCHANTING +5 vampiric war axe.
 30286 | Spider:1 | 30286 ||| Stepping ~*~*~tactically~*~*~ (stealth).
 30376 | Spider:1 | 30376 ||| Stepping ~*~*~tactically~*~*~ (stealth).
 30643 | Spider:2 | Identified the +2 leather armour of Wu Jian's Hope {rElec
                  | Regen+ Int-4 Dex+2}
 30657 | Spider:2 | Reached skill level 9 in Throwing
 30688 | Spider:2 | 30688 ||| Stepping ~*~*~tactically~*~*~ (stealth).
 30689 | Spider:2 | 30689 ||| Stepping ~*~*~tactically~*~*~ (stealth).
 30690 | Spider:2 | 30690 ||| Stepping ~*~*~tactically~*~*~ (stealth).
 30691 | Spider:2 | 30691 ||| Stepping ~*~*~tactically~*~*~ (stealth).
 30708 | Spider:2 | 30708 ||| Stepping ~*~*~tactically~*~*~ (stealth).
 30709 | Spider:2 | 30709 ||| Stepping ~*~*~tactically~*~*~ (stealth).
 30727 | Spider:2 | 30727 ||| Stepping ~*~*~tactically~*~*~ (stealth).
 30737 | Spider:2 | 30737 ||| Stepping ~*~*~tactically~*~*~ (stealth).
 30767 | Spider:2 | 30767 ||| Stepping ~*~*~tactically~*~*~ (hiding).
 30771 | Spider:2 | 30771 ||| INVOKING Brothers in Arms.
 30772 | Spider:2 | 30772 ||| INVOKING Brothers in Arms.
 30786 | Spider:2 | 30786 ||| INVOKING Berserk.
 30825 | Spider:2 | 30825 ||| Stepping ~*~*~tactically~*~*~ (stealth).
 30826 | Spider:2 | 30826 ||| Stepping ~*~*~tactically~*~*~ (stealth).
 30829 | Spider:2 | 30829 ||| Stepping ~*~*~tactically~*~*~ (stealth).
 30830 | Spider:2 | 30830 ||| Stepping ~*~*~tactically~*~*~ (stealth).
 30884 | Spider:2 | 30884 ||| Stepping ~*~*~tactically~*~*~ (stealth).
 30888 | Spider:2 | 30888 ||| Stepping ~*~*~tactically~*~*~ (stealth).
 30913 | Spider:2 | 30913 ||| Stepping ~*~*~tactically~*~*~ (stealth).
 30977 | Spider:2 | Noticed Arachne
 30978 | Spider:2 | 30978 ||| INVOKING Brothers in Arms.
 30980 | Spider:2 | 30980 ||| INVOKING Berserk.
 30994 | Spider:2 | Identified the +6 war axe of Regicide {vorpal, rN+} (Trog
                  | gifted it to you on level 2 of the Spider Nest)
 30994 | Spider:2 | Received a gift from Trog
 30995 | Spider:2 | Reached skill level 19 in Fighting
 31001 | Spider:2 | 31001 ||| INVOKING Brothers in Arms.
 31003 | Spider:2 | Noticed Frances
 31004 | Spider:2 | 31004 ||| INVOKING Brothers in Arms.
 31009 | Spider:2 | 31009 ||| INVOKING Brothers in Arms.
 31010 | Spider:2 | 31010 ||| INVOKING Brothers in Arms.
 31012 | Spider:2 | 31012 ||| DRINKING 6 potions of curing.
 31012 | Spider:2 | 31012 ||| (to cure confusion)
 31013 | Spider:2 | HP: 37/156 [poisoned by a redback]
 31014 | Spider:2 | 31014 ||| READING 5 scrolls of teleportation.
 31014 | Spider:2 | HP: 15/156 [jumping spider (9)]
 31014 | Spider:2 | HP: 2/156 [tarantella (13)]
 31014 | Spider:2 | Slain by a tarantella

Levels and vault maps discovered:
D:1:      roderic_crop_circles_arrival_small, layout_basic,
          amcnicky_mini_pool_small, kennysheep_decorative_pillar
D:2:      minmay_razor_zed, layout_basic, basic_altar,
          dreamdust_ecumenical_altar_angels_and_demons, serial_shops,
          nicolae_shop_behind_doors, minmay_split_cup_large
D:3:      layout_basic, serial_corexii_hall, corexii_hall_statues_i,
          chequers_hall_statues_wall_a, chequers_hall_statues_y,
          corexii_hall_statues_i, uniq_sigmund
D:4:      layout_basic, kennysheep_slug_shrine, nrook_campfire,
          lemuel_flame_loot_1, uniq_pikel
D:5:      layout_rooms, mainiacjoe_overflow_concentric_impassable,
          beargit_hepliaklqana_dungeon_heroes, minmay_misc_feat_tower,
          minmay_misc_feat_five, minmay_fractal_squares_diagonal_5, uniq_ijyb
D:6:      layout_basic, nicolae_tso_swordbearing_angel, kennysheep_little_box,
          gammafunk_ghost_arena
D:7:      layout_gridville, minmay_temple_entry_proselytizer, serial_shops, shop
D:8:      layout_basic, zin_angel, grunt_dithmenos_smoke_and_mirrors
D:9:      layout_loops_ring, mainiacjoe_overflow_big_doors, fiery_altar_vehumet,
          bloody_makhleb, serial_bayou_crossing
D:10:     layout_basic, eat_drink_and_be_merry_uskayaw,
          kennysheep_okawaru_gauntlet, grunt_gozag_breadcrumbs, orc_david_3,
          enter_bailey_5, minmay_diced_spiral, uniq_harold
D:11:     layout_roguey, minmay_lair_entry_grove, minmay_alternating_orb
D:12:     layout_loops_cross, uniq_azrael
D:13:     layout_roguey [special_room_orc],
          minmay_the_grid_square_5x5_3x3_mashed
          [minmay_the_grid_square_5x5_minimal,
          minmay_the_grid_square_5x5_misaligned, minmay_the_grid_square_5x5_tie,
          minmay_the_grid_square_5x5_inset,
          minmay_the_grid_square_5x5_megaprize_diamond,
          minmay_the_grid_square_5x5_eight, minmay_the_grid_square_5x5_two,
          minmay_the_grid_square_5x5_checkered,
          minmay_the_grid_square_5x5_inner_i]
D:14:     layout_gridville, david_vaults_5, onia_ninara_cookie, uniq_nessos
D:15:     grunt_enter_depths_magical_seal, layout_cave_pools,
          nicolae_water_bricks, uniq_josephine
Lair:1:   layout_cave_pods, uniq_gastronok
Lair:2:   layout_big_grid, minmay_shoals_entry_hut, st_stairs_7
Lair:3:   layout_small_grid, spider_nest_entry_rubble,
          chequers_serial_rivers_small_3
Lair:4:   layout_roguey, nicolae_quartered_pool_little
Lair:5:   evil_forest, layout_misc_corridors, slime_entry_1, special_room
          [special_room_mythical_zoo], dreamdust_gnoll_shepherd,
          grunt_megastairs_5
Spider:1: layout_spider_delve, hellmonk_spider_spawner
Spider:2: layout_spider_delve, uniq_frances, uniq_arachne
Orc:1:    layout_diamond_mine, serial_shops, nicolae_shop_hallway_plus,
          nicolae_specific_store
Orc:2:    grunt_orc_gardens, layout_caves, grunt_orc_garden, grunt_orc_garden,
          grunt_orc_garden, grunt_orc_garden, nicolae_orc_damp_corner

Skill      XL: |  1  2  3  4  5  6  7  8  9 10 11 12 13 14 15 16 |
---------------+-------------------------------------------------+-----
Axes           | 4 5 6 7 8 9 12 14 17 18 | 18.0
Throwing       | 1 2 5 7 8 9 |  9.0
Fighting       | 4 6 7 8 9 11 13 15 17 19 | 19.0
Armour         | 6 8 10 12 13 15 | 15.0
Shields        | 9 10 12 13 14 15 16 | 16.7
Dodging        | 3 4 6 8 10 | 10.0

Action                   |  1- 3 |  4- 6 |  7- 9 | 10-12 | 13-15 | 16-18 || total
-------------------------+-------+-------+-------+-------+-------+-------++-------
Melee: Hand axe          |    71 |    11 |       |       |       |       ||    82
       Headbutt          |     3 |     3 |    44 |    67 |   250 |   123 ||   490
       War axe           |       |    62 |   226 |    70 |   572 |   437 ||  1367
       Punch             |       |       |     2 |       |       |       ||     2
       Broad axe         |       |       |       |   325 |   310 |       ||   635
       Morningstar       |       |       |       |     9 |    49 |       ||    58
Throw: Boomerang         |       |    53 |     8 |    67 |    65 |    21 ||   214
       Javelin           |       |       |       |       |    90 |    48 ||   138
Invok: Berserk           |     2 |     5 |    13 |    20 |    26 |    11 ||    77
       Trog's Hand       |       |     1 |       |       |     5 |     3 ||     9
       Brothers in Arms  |       |       |       |     2 |     7 |     7 ||    16
  Use: Scroll            |     4 |    10 |     2 |     7 |     5 |     4 ||    32
       Potion            |       |     3 |     3 |     3 |     1 |     3 ||    13
 Stab: Sleeping          |     2 |       |       |       |       |       ||     2
       Distracted        |       |       |     1 |       |       |     1 ||     2
       Petrified         |       |       |       |       |     3 |       ||     3
Armor: Animal skin       |     8 |     6 |       |       |       |       ||    14
       Chain mail        |       |    14 |   101 |    89 |     2 |   201 ||   407
       Plate armour      |       |       |       |   100 |   325 |       ||   425
Dodge: Dodged            |    31 |    39 |    75 |   105 |   249 |   246 ||   745
Block: Kite shield       |       |       |    31 |   280 |   728 |   511 ||  1550
       Reflection        |       |       |       |    13 |    40 |     6 ||    59

Table legend:
 A = Non-vault XP
 B = Vault XP
 C = Vault XP percentage of total XP
 D = Non-vault monster count
 E = Vault monster count
 F = Vault count percentage of total count
                 A         B        C        D         E       F
            +---------+---------+-------+---------+---------+-------
      Total |  130491 |   76195 |  36.9 |     588 |     250 |  29.8
            +---------+---------+-------+---------+---------+-------
        D:1 |      38 |       0 |   0.0 |      22 |       0 |   0.0
        D:2 |     146 |      70 |  32.4 |      25 |      16 |  39.0
        D:3 |      95 |     214 |  69.3 |      21 |       1 |   4.5
        D:4 |     275 |     621 |  69.3 |      18 |       2 |  10.0
        D:5 |     987 |     662 |  40.1 |      19 |       9 |  32.1
        D:6 |     475 |       0 |   0.0 |      18 |       0 |   0.0
        D:7 |    2174 |      41 |   1.9 |      24 |       1 |   4.0
        D:8 |    2746 |       0 |   0.0 |      37 |       0 |   0.0
        D:9 |    2709 |       3 |   0.1 |      23 |       1 |   4.2
       D:10 |    1634 |    1158 |  41.5 |       6 |      12 |  66.7
       D:11 |    1394 |    7863 |  84.9 |       4 |      27 |  87.1
       D:12 |    6298 |    2058 |  24.6 |      27 |       7 |  20.6
       D:13 |    6631 |   10007 |  60.1 |      17 |      43 |  71.7
       D:14 |    4839 |   16075 |  76.9 |       8 |      26 |  76.5
       D:15 |   19532 |    5465 |  21.9 |      36 |      14 |  28.0
     Lair:1 |    5949 |    1523 |  20.4 |      22 |       1 |   4.3
     Lair:2 |    6804 |     250 |   3.5 |      27 |       1 |   3.6
     Lair:3 |    2275 |     218 |   8.7 |      10 |       1 |   9.1
     Lair:4 |    6302 |       0 |   0.0 |      18 |       0 |   0.0
     Lair:5 |   15500 |   17063 |  52.4 |      50 |      54 |  51.9
   Spider:1 |   14990 |    3961 |  20.9 |      49 |       7 |  12.5
   Spider:2 |   21371 |       0 |   0.0 |      65 |       0 |   0.0
      Orc:1 |    6817 |    5882 |  46.3 |      33 |      19 |  36.5
      Orc:2 |     510 |    3061 |  85.7 |       9 |       8 |  47.1
            +---------+---------+-------+---------+---------+-------
